[Event "FRA-ch Youth 2017"]
[Site "Belfort"]
[Date "2017.04.17"]
[Round "2"]
[White "Herreman-Boutot, Louise"]
[Black "Djidjeli, Sarah"]
[Result "0-1"]
[ECO "B22"]
[WhiteElo "1472"]
[BlackElo "1934"]
[Annotator "NA RC"]
[PlyCount "52"]
[EventDate "2017.??.??"]
[EventCountry "FRA"]
[SourceTitle "playchess.com"]
[Source "ChessBase"]
[SourceQuality "1"]
[TimeControl "5400+30"]

1. e4 c5 2. c3 d5 3. exd5 Qxd5 4. d4 Nc6 5. Nf3 Bf5 {[%emt 0:00:30] B22: Sicilian: 2 c3} 6. Bd3 (6. Be3 Nf6 7. Qb3 cxd4 8. Nxd4 Nxd4 9. Bxd4 a6 10. Nd2 e6 11. Be2 O-O-O 12. Nc4 Bc5 13. O-O Be4 14. Rfd1 {1-0 (32) Jones,G (2676)-Pichot,A (2556) Sharjah 2017}) 6... Bxd3 7. Qxd3 O-O-O 8. Be3 $146 (8. O-O cxd4 9. cxd4 Nxd4 10. Nxd4 Qxd4 11. Qc2+ Kb8 12. Be3 Qb4 13. Rc1 {1-0 (24) Belo,M (1850)-Rego,P (2245) Lisbon 2013}) 8... c4 9. Qc2 Nf6 10. Nbd2 Nd7 11. b4 ({Better is} 11. O-O) 11... e5 (11... h6 $14) 12. Qe4 Qxe4 13. Nxe4 exd4 14. Nxd4 Nxd4 15. Bxd4 (15. cxd4 $142 Bxb4+ 16. Ke2) 15... Re8 16. f3 f5 17. O-O fxe4 18. Rae1 e3 19. Bxe3 Bd6 20. f4 Rhf8 21. g3 Bc7 22. Kg2 Bb6 23. Rf3 $19 Nf6 24. Bc5 Bxc5 25. Rxe8+ Rxe8 26. bxc5 Re2+ 0-1

[Event "FRA-ch Youth 2017"]
[Site "Belfort"]
[Date "2017.04.17"]
[Round "2"]
[White "Martignoni, Margaux"]
[Black "Gospodaru, Teodora"]
[Result "0-1"]
[ECO "B24"]
[WhiteElo "1439"]
[BlackElo "1827"]
[Annotator "NA RC"]
[PlyCount "104"]
[EventDate "2017.??.??"]
[EventCountry "FRA"]
[SourceTitle "playchess.com"]
[Source "ChessBase"]
[SourceQuality "1"]
[TimeControl "5400+30"]

1. e4 c5 2. Nc3 Nc6 3. Bc4 g6 4. f4 Bg7 5. Nf3 e6 6. d3 Nge7 7. O-O O-O 8. a3 d5 9. Ba2 Nd4 {B23: Closed Sicilian: Lines without g3} (9... Rb8 10. Qe1 b5 11. Kh1 Nd4 12. Nxd4 cxd4 13. Ne2 Qc7 14. Bb3 dxe4 15. dxe4 Bb7 16. Ng3 Qc6 17. Qf2 {0-1 (36) Drozdova,D (2258)-Popova,N (2314) Khanty-Mansiysk 2014}) 10. Kh1 b6 11. Nxd4 cxd4 12. Ne2 dxe4 13. dxe4 Bb7 $146 14. Ng3 Qd7 15. Qg4 f5 16. exf5 Nxf5 17. Nxf5 Rxf5 (17... gxf5 $17 18. Qe2 Be4) 18. Bd2 Bd5 19. Bxd5 Qxd5 20. Rf3 $17 (20. Rac1 $15) 20... Raf8 21. Raf1 Qc4 22. Rc1 a5 23. h3 Qe2 24. Be1 e5 25. Bg3 e4 26. Rf2 Qxg4 27. hxg4 R5f7 28. Re2 e3 29. b4 Rc8 30. c3 Rxc3 31. Rxc3 dxc3 32. Rxe3 c2 33. Re1 Bb2 34. bxa5 bxa5 35. a4 c1=Q 36. Rxc1 Bxc1 37. Kg1 Bxf4 38. Bf2 Bh2+ 39. Kxh2 Rxf2 40. Kg3 Ra2 41. Kf3 Rxa4 42. g3 Kf7 43. g5 Rb4 44. Ke2 a4 45. Kd2 a3 46. Kc3 Rb8 47. Kc2 a2 48. Kd2 a1=Q 49. Kc2 Qd4 50. Kc1 Rc8+ 51. Kb1 Qb6+ 52. Ka2 Ra8# 0-1

[Event "FRA-ch Youth 2017"]
[Site "Belfort"]
[Date "2017.04.17"]
[Round "3"]
[White "Viennot, Dylan"]
[Black "Caloone, Thomas"]
[Result "1/2-1/2"]
[ECO "A00"]
[WhiteElo "2263"]
[BlackElo "2149"]
[Annotator "NA"]
[PlyCount "87"]
[EventDate "2017.??.??"]
[EventCountry "FRA"]
[SourceTitle "playchess.com"]
[Source "ChessBase"]
[SourceQuality "1"]
[TimeControl "5400+30"]

1. Nc3 Nf6 2. d4 d5 3. Bf4 e6 4. Qd2 Bd7 {[%emt 0:02:26] D00: 1 d4 d5: Unusual lines} (4... Bb4 5. f3 c5 6. e3 Nh5 7. Bb5+ Nc6 8. Nge2 Nxf4 9. Nxf4 O-O 10. Bxc6 bxc6 11. Nd3 cxd4 12. Nxb4 dxc3 13. Qxc3 {0-1 (86) Akerman,A (2103)-De Verdier,M (2371) Sweden 2013}) 5. e3 a6 $146 (5... c5 6. Nf3 a6 7. Be2 Nc6 8. O-O Be7 9. Ne5 b5 10. Bf3 Rc8 11. a4 b4 12. Ne2 {0-1 (28) Ilic,I (2130)-Samar,R Sydney 1999}) 6. Bd3 c5 7. dxc5 Bxc5 8. Nf3 Bc6 9. Ne5 Bd6 10. O-O Qc7 11. Nxc6 Nxc6 12. Bxd6 Qxd6 13. Qe2 O-O 14. Rfd1 Qb4 15. Rab1 Ne5 16. Qd2 Nxd3 17. cxd3 Rac8 18. Ne4 Qxd2 19. Nxf6+ gxf6 20. Rxd2 f5 21. d4 Rc4 22. Kf1 Rfc8 23. Ke2 Kf8 24. h3 h5 25. Kf3 Kg7 26. Rg1 Rc1 27. Rxc1 Rxc1 28. Kf4 Kf6 29. f3 b5 30. b3 a5 31. Rf2 a4 32. bxa4 bxa4 33. g4 fxg4 34. fxg4 hxg4 35. Kxg4+ Kg6 36. h4 Rg1+ 37. Kf4 f6 38. Rb2 Kh5 39. Rb4 Kxh4 40. Kf3 Kg5 41. Rxa4 Kf5 42. Ra5 Rf1+ 43. Ke2 Ra1 44. Kf3 $11 1/2-1/2

[Event "FRA-ch Youth 2017"]
[Site "Belfort"]
[Date "2017.04.17"]
[Round "3"]
[White "Tahay, Alexis"]
[Black "Lever, Erwan"]
[Result "1-0"]
[ECO "B90"]
[WhiteElo "2239"]
[BlackElo "2129"]
[Annotator "NA"]
[PlyCount "61"]
[EventDate "2017.??.??"]
[EventCountry "FRA"]
[SourceTitle "playchess.com"]
[Source "ChessBase"]
[SourceQuality "1"]
[TimeControl "5400+30"]

1. e4 c5 2. Nf3 d6 3. d4 cxd4 4. Nxd4 Nf6 5. Nc3 a6 6. Nb3 e6 {[%emt 0:02:04] B90: Sicilian Najdorf: Unusual White 6th moves, 6 Be3 Ng4 and 6 Be3 e5} (6... e5 7. Bg5 Be7 8. Bxf6 Bxf6 9. Qd3 Be6 10. O-O-O Be7 11. Nd5 Bxd5 12. Qxd5 Qc7 13. Kb1 O-O 14. Na5 Nc6 15. Nc4 Rad8 {1-0 (50) Grischuk,A (2737)-Nepomniachtchi,I (2767) Doha 2016}) 7. g3 b5 8. Bg2 Bb7 9. a3 Nbd7 10. O-O Qc7 11. f4 $146 (11. Re1 Be7 12. Bd2 O-O 13. Na2 Rac8 14. Rc1 {1-0 (63) Cruz Pino,A (2094)-Ramirez Medina,V (2196) Las Palmas 2016}) 11... Be7 12. Qe2 O-O 13. Bd2 Rac8 14. Rae1 Nb6 15. f5 exf5 16. exf5 Bxg2 17. Qxg2 Nc4 18. g4 Nxd2 19. Nxd2 Rfe8 20. g5 Nd7 21. Nd5 Qc5+ 22. Kh1 Bf8 (22... Bxg5 $11 23. Rxe8+ Rxe8) 23. c3 Re5 24. Rxe5 dxe5 25. Rd1 Nb6 26. Nb3 Qc6 27. Na5 Qd7 $18 ({Inferior is} 27... Qc5 28. b4 Qxd5 29. Rxd5) (27... Qe8 $142 28. Nxb6 Rd8) 28. Nf6+ gxf6 29. Rxd7 Nxd7 30. gxf6+ Kh8 31. Qb7 1-0

[Event "FRA-ch Youth 2017"]
[Site "Belfort"]
[Date "2017.04.17"]
[Round "3"]
[White "Cohen Revivo, Shoham"]
[Black "Decuigniere, Tom"]
[Result "1/2-1/2"]
[ECO "E21"]
[WhiteElo "2221"]
[BlackElo "1909"]
[Annotator "NA"]
[PlyCount "46"]
[EventDate "2017.??.??"]
[EventCountry "FRA"]
[SourceTitle "playchess.com"]
[Source "ChessBase"]
[SourceQuality "1"]
[TimeControl "5400+30"]

1. d4 Nf6 2. c4 e6 3. Nf3 Bb4+ 4. Nc3 c5 5. e3 Bxc3+ {[%emt 0:05:56] LiveBook: 34 Games} 6. bxc3 b6 7. Bd3 Bb7 8. O-O O-O 9. Rb1 {[%emt 0:03:38] E43: Nimzo-Indian: Rubinstein: 4...b6} (9. Nd2 Nc6 10. Nb3 Ba6 11. Re1 Rc8 12. a4 d6 13. Bf1 Re8 14. e4 cxd4 15. cxd4 e5 16. d5 Nb8 17. Nd2 {½-½ (44) Aleksandrov,A (2595)-Vitiugov,N (2742) St Petersburg 2014}) 9... d6 10. Re1 (10. Qe2 Ne4 11. Bb2 f5 12. Nd2 Nd7 13. Bxe4 fxe4 14. Qg4 Rf6 15. Nxe4 Rg6 16. Qf4 e5 {0-1 (55) Torres Jimenez,L (2007)-Velazquez Montada,Y (1977) Havana 2010}) 10... Ne4 11. Qc2 f5 12. Nd2 Qh4 13. Rf1 Nxd2 14. Qxd2 Bxg2 15. Kxg2 $2 (15. f3 Bxf1 16. Kxf1) 15... Qg4+ 16. Kh1 Qf3+ 17. Kg1 Qg4+ 18. Kh1 Qf3+ 19. Kg1 Qg4+ 20. Kh1 Qf3+ $11 21. Kg1 Rf6 22. Rd1 Qh3 23. Bf1 Rg6+ {Bd3} 1/2-1/2

[Event "FRA-ch Youth 2017"]
[Site "Belfort"]
[Date "2017.04.17"]
[Round "3"]
[White "Bouvet, Florian"]
[Black "Baudry, Remi"]
[Result "1/2-1/2"]
[ECO "D02"]
[WhiteElo "2183"]
[BlackElo "1940"]
[Annotator "NA"]
[PlyCount "84"]
[EventDate "2017.??.??"]
[EventCountry "FRA"]
[SourceTitle "playchess.com"]
[Source "ChessBase"]
[SourceQuality "1"]
[TimeControl "5400+30"]

1. Nf3 d5 2. d4 Nf6 3. g3 c5 4. Bg2 Nc6 5. O-O Bg4 6. Ne5 Bf5 {[%emt 0:04:28] D02: 1 d4 d5 2 Nf3 sidelines, including 2...Nf6 3 g3 and 2...Nf6 3 Bf4} (6... cxd4 7. Nxg4 Nxg4 8. e3 Nf6 9. exd4 e6 10. c3 Be7 11. Qb3 a6 12. Bf4 b5 13. Nd2 O-O 14. Rfc1 Bd6 15. Bxd6 Qxd6 16. Qd1 Rfb8 17. Nb3 a5 18. a4 bxa4 19. Rxa4 {0-1 (44) Neef,M (2443)-Novikov,S (2513) Marianske Lazne 2017}) 7. Nxc6 bxc6 8. c4 e6 9. Nc3 Rb8 10. e3 $146 (10. cxd5 cxd5 11. Qa4+ Qd7 12. Qxd7+ Nxd7 13. dxc5 Nxc5 14. b3 {0-1 (62) Sjol,H (1880)-Andersen,R (2078) Helsingor 2011}) 10... Qd7 11. Qe2 Be7 12. Rd1 O-O 13. b3 Rfc8 14. dxc5 Bxc5 15. Na4 Bd6 16. Bb2 Ne4 17. Rac1 Qe7 18. cxd5 cxd5 19. Qa6 Nc5 20. Nxc5 Rxc5 21. Bd4 Rc7 22. Bb2 Rb6 23. Qa4 Rxc1 24. Rxc1 h6 25. Rc8+ Kh7 26. Ra8 Rb7 27. e4 dxe4 28. Bxe4 Rc7 29. Qd4 f6 30. Qd3 Bxe4 31. Qxe4+ g6 32. Kg2 Bc5 33. Qf4 Kg7 34. Bc1 g5 35. Qf3 Bd4 36. Qd1 $2 {[%emt 0:01:27] [#]} (36. Be3 $11 Rc3 37. Rb8 Bxe3 38. Rb7) 36... Qc5 $17 (36... Rxc1 $1 $19 37. Qxc1 Qb7+ 38. f3 Qxa8 39. Qc7+ Kg8) 37. Rd8 e5 38. Be3 Bxe3 39. Rd7+ Rxd7 40. Qxd7+ Kg6 41. Qd3+ f5 42. Qxe3 Qc6+ 1/2-1/2

[Event "FRA-ch Youth 2017"]
[Site "Belfort"]
[Date "2017.04.17"]
[Round "3"]
[White "Tomasi, Albert"]
[Black "Raclot, Leo"]
[Result "1-0"]
[ECO "B01"]
[WhiteElo "2176"]
[BlackElo "1887"]
[Annotator "NA"]
[PlyCount "57"]
[EventDate "2017.??.??"]
[EventCountry "FRA"]
[SourceTitle "playchess.com"]
[Source "ChessBase"]
[SourceQuality "1"]
[TimeControl "5400+30"]

1. e4 d5 2. exd5 Nf6 3. d4 Nxd5 4. Nf3 g6 5. c4 Nb6 6. Be2 Bg7 7. O-O O-O 8. Be3 Nc6 9. h3 e5 10. d5 Ne7 11. Nc3 {[%emt 0:01:59] LiveBook: 53 Games} Nf5 12. Bc5 {[%emt 0:01:16] B01: Scandinavian Defence} (12. Bg5 f6 13. Bc1 c5 14. dxc6 bxc6 15. b3 Qe7 16. Ne4 Rd8 17. Qc2 Be6 18. a4 c5 19. Ba3 Rac8 20. Rad1 Nd7 21. Rfe1 {1-0 (39) Nepomniachtchi,I (2729)-Smagin,S (2551) Olginka 2011}) 12... Nd6 $146 (12... Re8 13. Rc1 e4 14. Nd2 Qh4 15. Bg4 h5 16. Bxf5 Bxf5 17. Be3 Nd7 18. Nb5 Bxh3 19. gxh3 Qxh3 20. Bf4 Bxb2 {1-0 (30) Mas,H (2372)-Nadanian,A (2436) Singapore 2007}) 13. Ba3 Nbxc4 14. Bxc4 Nxc4 15. Bxf8 Qxf8 16. Qe2 e4 17. Nxe4 Nxb2 18. Rac1 Bf5 19. Rfe1 Qd8 20. g4 Bxe4 21. Qxe4 Qd6 22. Nd4 Qb6 23. Nb3 Rd8 24. Rc2 a5 $18 25. Qe7 c6 26. dxc6 Rc8 27. Qe8+ Rxe8 28. Rxe8+ Bf8 29. c7 1-0

[Event "FRA-ch Youth 2017"]
[Site "Belfort"]
[Date "2017.04.17"]
[Round "3"]
[White "Lomandong Noela-Joyce"]
[Black "Lapeyre, Maeva"]
[Result "1-0"]
[ECO "A06"]
[WhiteElo "1987"]
[BlackElo "1604"]
[Annotator "NA"]
[PlyCount "53"]
[EventDate "2017.??.??"]
[EventCountry "FRA"]
[SourceTitle "playchess.com"]
[Source "ChessBase"]
[SourceQuality "1"]
[TimeControl "5400+30"]

1. Nf3 d5 2. g3 Nf6 3. Bg2 e6 4. c4 Be7 5. d4 O-O 6. Nc3 Nbd7 7. O-O dxc4 {[%emt 0:04:21] LiveBook: 122 Games} 8. e4 b6 {[%emt 0:04:31] E07: Closed Catalan: Main Line (5 Nf3 0-0 6 0-0 Nbd7)} (8... b5 9. e5 Nd5 10. Nxb5 Bb7 11. h4 N7b6 12. Ng5 Qd7 13. Na3 Bxg5 14. Bxg5 Rac8 15. Rc1 c5 16. Re1 {½-½ (57) Bruzon Batista,L (2681)-Kryvoruchko,Y (2682) Varadero 2016}) 9. Qe2 Bb7 10. Re1 $146 (10. Rd1 a6 11. d5 Nxe4 12. dxe6 Nxc3 13. bxc3 fxe6 14. Qxe6+ Kh8 15. Rxd7 {1-0 (15) Inkiov,V (2450)-Raftopoulos,K Chania 1992}) 10... c5 11. d5 exd5 12. exd5 Re8 13. Qxc4 Qc7 14. Bf4 Qc8 15. d6 Bf8 16. Ng5 Bxg2 17. Nxf7 Rxe1+ 18. Rxe1 g6 19. Kxg2 Qb8 20. Ne4 Kg7 21. Bh6+ $18 Kg8 22. Nfg5+ Kh8 23. Nf7+ Kg8 24. Bg5 b5 25. Qe6 Bg7 26. Nxf6+ Nxf6 27. Nh6+ 1-0

[Event "FRA-ch Youth 2017"]
[Site "Belfort"]
[Date "2017.04.17"]
[Round "3"]
[White "Tahay, Romain"]
[Black "Viel, Simon"]
[Result "0-1"]
[ECO "A57"]
[WhiteElo "1971"]
[BlackElo "2220"]
[Annotator "NA"]
[PlyCount "74"]
[EventDate "2017.??.??"]
[EventCountry "FRA"]
[SourceTitle "playchess.com"]
[Source "ChessBase"]
[SourceQuality "1"]
[TimeControl "5400+30"]

1. d4 Nf6 2. c4 c5 3. d5 b5 4. Nf3 Bb7 5. Qc2 bxc4 6. e4 e6 {[%emt 0:00:08] A57: Benko/Volga Gambit} 7. Bxc4 exd5 8. exd5 Be7 (8... Bxd5 9. Bxd5 Nxd5 10. O-O Be7 11. Re1 Nc6 12. Qxc5 Nf6 13. Qf5 O-O 14. Nc3 {0-1 (40) Tkachiev,V (2636)-Ivanchuk,V (2764) Warsaw 2010}) 9. O-O O-O 10. Re1 d6 11. Qb3 Qd7 $146 (11... Ba6 12. Nc3 Bxc4 13. Qxc4 {½-½ (48) Hoffmann,M (2517)-Guidarelli,L (2433) Vlissingen 2010}) 12. Qd3 a5 13. Bd2 Bd8 14. Bf4 Na6 15. a3 Nh5 16. Ng5 g6 $1 17. Bd2 Bf6 18. Nc3 Nc7 19. Qf3 Bg7 20. Rad1 Ba6 21. Bxa6 Rxa6 22. g4 ({White should try} 22. Nge4 $11) 22... Nf6 23. h3 Rb6 24. Bc1 Rb3 25. Qe2 Re8 26. Qc4 Rbb8 27. Nge4 Nxe4 28. Nxe4 Nb5 29. Qa4 f5 30. Nd2 fxg4 31. Qxg4 Qf7 32. Ne4 Rf8 33. Be3 Nd4 34. Bxd4 Bxd4 35. Rd2 Qxd5 36. Red1 Rbe8 37. Ng5 h6 $19 0-1

[Event "FRA-ch Youth 2017"]
[Site "Belfort"]
[Date "2017.04.17"]
[Round "3"]
[White "Baroyan, Davit"]
[Black "Bergougnoux, Axel"]
[Result "0-1"]
[ECO "D70"]
[WhiteElo "1964"]
[BlackElo "2194"]
[Annotator "NA"]
[PlyCount "56"]
[EventDate "2017.??.??"]
[EventCountry "FRA"]
[SourceTitle "playchess.com"]
[Source "ChessBase"]
[SourceQuality "1"]
[TimeControl "5400+30"]

1. d4 Nf6 2. c4 g6 3. f3 d5 4. cxd5 Nxd5 5. e4 Nb6 6. Nc3 Bg7 7. Be3 O-O 8. Qd2 f5 {[%emt 0:02:07] D70: Grünfeld: Unusual White 3rd moves (met by ...d5)} (8... Nc6 9. O-O-O Qd6 10. Nb5 Qd7 11. Kb1 Rd8 12. d5 a6 13. Nc3 Qe8 14. Qc1 Na5 15. Bf4 Rd7 16. Bh6 Bxh6 17. Qxh6 {½-½ (31) Nakamura,H (2787)-So,W (2794) Douglas 2016}) 9. e5 Nc6 10. O-O-O Nb4 {[%emt 0:08:31] LiveBook: 86 Games} 11. h4 h5 12. Nh3 $146 (12. Bh6 Be6 13. Qg5 Qe8 14. Nh3 N6d5 15. Bc4 Qf7 16. Bxd5 Nxd5 17. Nxd5 Bxd5 {½-½ (30) Winkelmann,E (2075)-Wilson,A (2056) Dresden 2007}) 12... Qe8 13. a3 Nc6 (13... N4d5 $16) 14. Nb5 Qd8 15. Nf4 Kh7 16. g4 fxg4 17. Bd3 Rxf4 18. Bxf4 gxf3 19. Qc2 Bg4 20. Bxg6+ Kh8 21. Kb1 a6 22. Nc3 Nxd4 23. Qe4 c5 $17 24. Bg5 Nc4 25. Nd5 Qa5 26. Rd3 Qb5 27. Rh2 Ne2 28. Nc3 Qxb2# 0-1

[Event "FRA-ch Youth 2017"]
[Site "Belfort"]
[Date "2017.04.17"]
[Round "3"]
[White "Defromont, Benjamin"]
[Black "Harutyunyan, Ruben"]
[Result "1-0"]
[ECO "B84"]
[WhiteElo "1946"]
[BlackElo "2218"]
[Annotator "NA"]
[PlyCount "120"]
[EventDate "2017.??.??"]
[EventCountry "FRA"]
[SourceTitle "playchess.com"]
[Source "ChessBase"]
[SourceQuality "1"]
[TimeControl "5400+30"]

1. e4 c5 2. Nf3 Nf6 3. Nc3 d6 4. d4 cxd4 5. Nxd4 a6 6. Be2 e6 7. O-O Be7 8. Be3 Qc7 {[%emt 0:04:04] LiveBook: 194 Games} 9. Bf3 {[%emt 0:08:31] B84: Sicilian Scheveningen: 6 Be2 a6, lines without early Be3} (9. a4 b6 10. f4 Bb7 11. Bf3 Nbd7 12. f5 e5 13. Nb3 O-O 14. Qe2 Rfc8 15. Nd2 h6 16. g3 Bc6 17. Rfc1 Qb7 18. Qg2 b5 19. a5 Qc7 {½-½ (54) Swiercz,D (2645)-Shankland,S (2666) Saint Louis 2017}) 9... Nc6 10. a4 Bd7 11. Nb3 Ne5 12. Be2 Nc4 $146 (12... Bc6 13. f3 O-O 14. a5 Ned7 15. Na4 b5 16. axb6 {½-½ (55) Kiss,L (1700)-Gyutai,N (1818) Hungary 2014}) 13. Bxc4 Qxc4 14. Qd3 Qxd3 15. cxd3 Bc6 16. f3 O-O 17. a5 Rac8 18. Rfc1 Nd7 19. f4 Rfd8 20. Rd1 Nc5 21. Nxc5 dxc5 22. Kf1 f5 23. exf5 exf5 24. d4 cxd4 25. Bxd4 Kf7 26. Bb6 Rxd1+ 27. Rxd1 Bf6 28. Kf2 h6 29. g3 g5 30. fxg5 hxg5 31. Rd2 f4 32. Ne2 Rh8 33. Kg1 Be5 34. Bd4 Rd8 35. Bc3 Rxd2 36. Bxd2 f3 37. Nc3 Bd4+ 38. Kf1 g4 39. Nd1 Bb5+ 40. Ke1 Bd7 41. Be3 Be5 42. Kf2 Ke6 43. Nc3 Bc6 44. Ke1 Bd6 45. Bb6 Bb4 46. Bc7 Kd7 47. Bb6 Kd6 48. Kf2 Bc5+ 49. Bxc5+ Kxc5 50. Nd1 (50. Nb1 {was the only chance.}) 50... Kb5 51. Ne3 Bd7 52. Nd5 $19 Kxa5 53. Nf6 Be6 54. h4 gxh3 55. Kxf3 Kb4 56. g4 Kb3 57. g5 Kxb2 58. g6 a5 59. Ne4 Bd5 60. g7 h2 1-0

[Event "FRA-ch Youth 2017"]
[Site "Belfort"]
[Date "2017.04.17"]
[Round "3"]
[White "Retailleau, Elise"]
[Black "Joly, Audrey"]
[Result "1-0"]
[ECO "B01"]
[WhiteElo "1946"]
[BlackElo "1747"]
[Annotator "NA"]
[PlyCount "66"]
[EventDate "2017.??.??"]
[EventCountry "FRA"]
[SourceTitle "playchess.com"]
[Source "ChessBase"]
[SourceQuality "1"]
[TimeControl "5400+30"]

1. e4 d5 2. exd5 Qxd5 3. d4 c6 4. Nc3 Qa5 5. Bc4 Nf6 6. Bd2 Qc7 7. Nf3 Bf5 {[%emt 0:01:43] LiveBook: 48 Games} 8. O-O e6 9. Re1 Nbd7 10. a3 {[%emt 0:04:00] B01: Scandinavian Defence} (10. h3 O-O-O 11. Rb1 Nb6 12. Bf1 Nbd5 13. Na4 Nb4 14. Rc1 Nxa2 15. Ra1 Nb4 16. Bxb4 Bxb4 17. c3 Bd6 18. b4 {1-0 (55) Rosko,L (2350)-Heinzel,O (2370) Germany 2013}) 10... Nb6 11. Bf1 $146 (11. Bb3 Bd6 12. h3 O-O 13. Bg5 Nfd5 14. Ne4 Be7 15. Bxe7 Qxe7 16. c4 Nf6 {0-1 (37) Fischer,G (2117)-Walter,T (2020) Postbauer 2006}) 11... O-O-O 12. Be3 Nbd5 13. Nxd5 exd5 14. b4 h5 15. h4 Ng4 16. b5 Be4 17. g3 Bd6 (17... cxb5 $15 18. Ng5 Bd6 19. Nxe4 dxe4) 18. bxc6 Qxc6 19. a4 a6 $14 ({Don't play} 19... Bxc2 20. Qd2 Bb3 21. Rac1 $11) (19... Qc7 $15 20. Ne5 f5) 20. Ng5 Bg6 21. c4 Rde8 22. cxd5 Qxd5 23. Bg2 Qf5 24. Qb3 Qd7 25. Rac1+ Kd8 26. Bxb7 Nxe3 27. Rc8+ Qxc8 28. Bxc8 Kxc8 29. Rc1+ Nc2 30. Nxf7 Bxf7 31. Rxc2+ Kd7 32. Qxf7+ Re7 33. Qf5+ Re6 1-0

[Event "FRA-ch Youth 2017"]
[Site "Belfort"]
[Date "2017.04.17"]
[Round "3"]
[White "Djidjeli, Sarah"]
[Black "Rubsamen, Anais"]
[Result "0-1"]
[ECO "B06"]
[WhiteElo "1934"]
[BlackElo "1610"]
[Annotator "NA"]
[PlyCount "148"]
[EventDate "2017.??.??"]
[EventCountry "FRA"]
[SourceTitle "playchess.com"]
[Source "ChessBase"]
[SourceQuality "1"]
[TimeControl "5400+30"]

1. e4 g6 2. Nc3 Bg7 3. d4 c6 4. Bc4 d5 5. exd5 b5 6. Bb3 b4 7. Nce2 cxd5 8. a3 {[%emt 0:00:18] B06: Modern Defence} bxa3 9. Rxa3 Nc6 (9... Nf6 10. Nf3 O-O 11. O-O Nc6 12. Ne5 Bb7 13. Nd3 Ne4 14. c3 Na5 15. Bc2 Nc4 16. Ra2 e6 17. Ng3 Ned6 18. Re1 Bc6 19. Bf4 Re8 {½-½ (113) Korobov,A (2692)-Shtembuliak,E (2478) Rivne 2016}) 10. Nf3 Bg4 $146 (10... e6 11. O-O Nge7 12. Bf4 O-O 13. Qd2 Nf5 14. Ba4 Bd7 15. Rfa1 Qb6 16. Rb3 Qa6 17. Qe1 Qc8 18. Bxc6 Bxc6 19. Qd2 f6 20. Ng3 Nxg3 21. hxg3 Qd7 22. Ra6 g5 {½-½ (22) Kotter,R (2299)-Kober,T (2099) Germany 2003}) 11. Ba4 Bd7 12. O-O Nf6 13. Ne5 Qb6 $2 (13... Rc8 $16) 14. Rb3 ({Less strong is} 14. Nxd7 Nxd7 15. Rb3 Qa6 $16) 14... Qa6 15. Bb5 Qc8 16. Bxc6 Bxc6 17. Rc3 Ne4 18. Rxc6 Qb7 19. c4 Bxe5 20. dxe5 Qxc6 21. cxd5 Qc4 22. f3 Nc5 23. Bh6 Nd3 24. Qd2 Qxd5 25. Nc3 Qc4 26. b3 {[%emt 0:01:03] [#]} Qd4+ $1 27. Be3 Qd7 28. Bh6 $2 (28. Rd1 $11 {and White stays safe.} Rd8 29. Qe2) 28... Nxe5 29. Qe3 Nc6 30. Rd1 Qe6 31. Ne4 Rd8 32. Rc1 Nd4 33. g4 Nb5 34. Bg7 Rg8 $19 35. Bb2 Nd6 36. Rc6 h5 37. Ba3 hxg4 38. Bxd6 f5 39. Rc7 Rxd6 40. Nxd6+ Qxd6 41. Rxa7 gxf3 42. Ra2 Qc6 43. Ra4 Kf7 44. Rc4 Qa8 45. Rc7 Qd8 46. Rc1 Qd5 47. Re1 Qb7 48. Qe6+ Kf8 49. Rd1 Qb8 50. Rc1 Qa7+ 51. Kf1 Kg7 52. Rc6 Kh7 53. Rc4 Kg7 54. Qe5+ Kf7 55. Rc6 Qd7 56. Rc3 Qd1+ 57. Kf2 Qe2+ 58. Qxe2 fxe2 59. Rh3 Kf6 60. Kxe2 Rb8 61. Kd2 e5 62. Rc3 Rb4 63. Kd3 Rh4 64. Rc2 e4+ 65. Kd4 e3+ 66. Kd3 Rb4 67. Rc3 f4 68. Ke2 Kf5 69. Kf3 g5 70. Rc5+ Kf6 71. Rc6+ Kg7 72. Rc5 Kg6 73. Kg4 Kf6 74. Rc6+ Ke5 0-1

[Event "FRA-ch Youth 2017"]
[Site "Belfort"]
[Date "2017.04.17"]
[Round "3"]
[White "Nguyen-Cadoret, Nathan"]
[Black "Droin, Augustin"]
[Result "1/2-1/2"]
[ECO "E06"]
[WhiteElo "1930"]
[BlackElo "1738"]
[Annotator "NA"]
[PlyCount "166"]
[EventDate "2017.??.??"]
[EventCountry "FRA"]
[SourceTitle "playchess.com"]
[Source "ChessBase"]
[SourceQuality "1"]
[TimeControl "5400+30"]

1. d4 Nf6 2. c4 e6 3. Nf3 d5 4. g3 Be7 5. Bg2 Nc6 6. O-O O-O 7. Nc3 Ne4 {[%emt 0:05:09] E06: Closed Catalan: Early deviations} 8. Be3 $146 (8. Qc2 f5 9. a3 a5 10. Rd1 Bf6 11. Rb1 Kh8 12. h4 h6 13. b4 axb4 14. axb4 g5 15. hxg5 hxg5 {½-½ (47) Miroshnichenko,E (2696)-Radulski,J (2539) Kallithea 2009}) 8... f5 9. Nd2 Bg5 10. f4 Bf6 11. Nf3 h6 (11... Na5 $11) 12. Ne5 Ne7 13. Rc1 c6 14. b4 Nxc3 15. Rxc3 dxc4 16. Rxc4 Nd5 17. Bxd5 Qxd5 18. Qc2 Rd8 19. Rc5 Qd6 20. Rc1 Bd7 21. Bf2 Rac8 22. b5 Bxe5 23. dxe5 Qf8 24. Rc3 cxb5 25. Bxa7 Rxc3 26. Qxc3 Rc8 27. Bc5 Qd8 28. Qe3 Bc6 29. Bd6 Bd5 30. a3 Rxc1+ 31. Qxc1 Qd7 32. Qc7 Qxc7 33. Bxc7 Kf7 34. Kf2 Ke8 35. Ke3 Kd7 36. Bd6 h5 37. Kd4 Kc6 38. e3 g6 39. Bb4 b6 40. Bd6 Be4 41. Be7 Bd5 42. Kc3 Be4 43. Bd8 Bf3 44. Kd4 Be4 45. Be7 Bd5 46. Bb4 Be4 47. Bc3 Bc2 48. Bb2 Be4 49. Kc3 Kc5 50. Kb3 Bd5+ 51. Kc2 Kc4 52. Bd4 b4 53. axb4 b5 54. Bc5 Be4+ 55. Kd2 Kb3 56. Ke2 Kc2 57. Kf2 Kd2 58. h3 Kd3 59. Be7 Kd2 60. Bg5 Kc3 61. Be7 Kd2 62. Bd6 Kd3 63. Bc5 Kd2 64. Bd4 Kd3 65. Ke1 Bg2 66. h4 Bf3 67. Bc5 Be4 68. Kd1 Bf3+ 69. Ke1 Be4 70. Kd1 Bd5 71. Bb6 Bc4 72. Kc1 Ke2 73. Kc2 Kf3 74. Kc3 Kxg3 75. Bd8 Kf2 76. Kd4 Kf3 77. Bg5 Be2 78. Kc5 $11 Kxe3 79. Kd6 Bc4 80. Ke7 Ke4 81. Kf7 Kd5 82. Kxg6 Be2 83. Kf7 Bf3 1/2-1/2

[Event "FRA-ch Youth 2017"]
[Site "Belfort"]
[Date "2017.04.17"]
[Round "3"]
[White "Fleurquin, Bryan"]
[Black "Micottis, Dorian"]
[Result "0-1"]
[ECO "B23"]
[WhiteElo "1921"]
[BlackElo "2249"]
[Annotator "NA"]
[PlyCount "68"]
[EventDate "2017.??.??"]
[EventCountry "FRA"]
[SourceTitle "playchess.com"]
[Source "ChessBase"]
[SourceQuality "1"]
[TimeControl "5400+30"]

1. e4 c5 2. Nc3 e6 3. f4 d5 4. Bb5+ Nc6 5. exd5 {[%emt 0:03:59] B23: Closed Sicilian: Lines without g3} (5. Nf3 Nf6 6. e5 Nd7 7. O-O Qb6 8. Bxc6 Qxc6 9. d4 Be7 10. Be3 b6 11. Kh1 O-O 12. Qd2 f5 13. exf6 Nxf6 14. Ne5 Qc7 15. Rae1 {1-0 (39) Amonatov,F (2614)-Potkin,V (2597) Almaty 2016}) 5... exd5 6. d4 Nf6 7. Nf3 Be7 8. Ne5 Qb6 $146 (8... O-O 9. Bxc6 bxc6 10. Nxc6 Qc7 11. Ne5 cxd4 12. Ne2 Bd6 13. O-O Ba6 14. Nd3 Rfe8 {0-1 (25) Vicas,M (1947)-Malinin,Y (2323) Plunge 2012}) 9. Be3 O-O 10. Bxc6 bxc6 11. O-O cxd4 12. Bxd4 c5 13. Bf2 Bb7 14. Rb1 d4 15. Ne2 Rad8 16. Ng3 Ne4 17. Nf5 Bf6 18. Bh4 Bxh4 19. Nxh4 f6 20. Nc4 Qe6 21. Qe2 Rfe8 22. Nd2 Ba6 23. Qxe4 Qxe4 24. Nxe4 Bxf1 25. Nxc5 Bc4 26. b3 Bb5 $19 27. a4 Bc6 28. Kf2 Be4 29. Rb2 a5 30. Nf3 Bxf3 31. Kxf3 Re3+ 32. Kf2 Rde8 33. Nb7 Re2+ 34. Kf1 d3 0-1